Cogmind - Beta 13 @@@ ROGUE MODE // 2024.05.17 @ 18:59:20 Player: Jahimaih Green Turtle Result: Destroyed by 34-X2Y(R) with Subdweller Beam Cannon Performance ------------- Evolutions (0) 0 Regions Visited (3) 600 Robots Destroyed (21) 105 Value Destroyed (352) 352 Prototype IDs (0) 0 Alien Tech Used (0) 0 Bonus (0) 0 TOTAL SCORE: 1057 Bonus ------- None Cogmind --------- Core Integrity 0/250 Matter 300/300 Energy 8/100 System Corruption 0% Temperature Cool (9) Movement Rolling (110) Location -10/Subcaves Parts ------- > --- POWER (1) -------- (None) > --- PROPULSION (2) --- Subdweller Monowheel > --- UTILITY (2) ------ (None) > --- WEAPON (2) ------- Riot Gun > --- INVENTORY (5) ---- Weight Redist. System Peak State ------------ > --- POWER ------------ Light Ion Engine > --- PROPULSION ------- Armored Wheel Armored Wheel > --- UTILITY ---------- Medium Storage Unit Weapon Shielding > --- WEAPON ----------- Light EM Pulse Cannon Grenade Launcher > --- INVENTORY -------- Aluminum Leg Small Battery Weight Redist. System Structural Scanner Transport Network Coupler Light EM Pulse Cannon Assault Rifle Light Assault Rifle Datajack [Rating: 11] Favorites ----------- Power Light Ion Engine Engine Light Ion Engine Propulsion Aluminum Leg Leg Aluminum Leg Wheel Armored Wheel Utility Medium Storage Unit Device Structural Scanner Storage Medium Storage Unit Processor Signal Interpreter Protection Weapon Shielding Weapon Assault Rifle Energy Gun Medium Laser Energy Cannon Light EM Pulse Cannon Ballistic Gun Assault Rifle Launcher Grenade Launcher Build | -11 -10 -10 -10 ------- Run | Yrd Mat Min Sub Slots Evolved . | . . . . Power . | . . . . Propulsion . | . . . . Utility . | . . . . Weapon . | . . . . Parts Attached 35 | 5 17 9 4 Power 6 | 1 3 2 . Engine 6 | 1 3 2 . Core . | . . . . Reactor . | . . . . Propulsion 10 | 2 5 2 1 Treads . | . . . . Leg 7 | 2 3 2 . Wheel 3 | . 2 . 1 Hover . | . . . . Flight . | . . . . Utility 9 | . 5 3 1 Device 2 | . . 2 . Storage 1 | . 1 . . Processor 1 | . 1 . . Hackware . | . . . . Protection 5 | . 3 1 1 Artifact . | . . . . Weapon 10 | 2 4 2 2 Energy Gun 2 | 1 . . 1 Energy Cannon 2 | . 1 . 1 Ballistic Gun 4 | 1 1 2 . Ballistic Cannon . | . . . . Launcher 2 | . 2 . . Special Weapon . | . . . . Impact Weapon . | . . . . Slashing Weapon . | . . . . Piercing Weapon . | . . . . Special Melee Weapon . | . . . . Unidentified Prototypes . | . . . . Parts Lost 16 | . 1 6 9 Power 4 | . 1 1 2 Propulsion 2 | . . 2 . Utility 4 | . . 1 3 Weapon 5 | . . 2 3 Highest Loss Streak 9 | . 1 4 9 To Critical Strikes 3 | . . 1 2 Average Slot Usage (%) 91 | . 84 95 78 Engine 12 | . 12 12 9 Leg 20 | . 19 21 15 Wheel 5 | . 6 4 5 Device 7 | . . 10 9 Storage 11 | . 7 14 9 Processor 1 | . 5 . . Protection 3 | . 5 3 2 Energy Cannon 2 | . 3 1 5 Ballistic Gun 19 | . 9 24 15 Launcher 4 | . 12 1 . Naked Turns . | . . . . Heaviest Build 26 | 7 20 21 26 Greatest Support 24 | 20 24 24 20 Greatest Overweight (x) 5 | . 5 1 1 Average Overweight (x) . | . . . . Largest Inventory Capacity 10 | 5 10 10 10 Average Capacity 6 | 5 7 10 8 Most Carried 10 | 4 10 10 10 Average Carried 4 | 2 6 9 7 Final Capacity 10 | 5 10 10 5 Final Carried 10 | 3 9 10 1 Class Distribution -------------------- 97% | Mutant Dominant Class ---------------- Mutant | -10/Materials Mutant | -10/Mines Mutant | -10/Subcaves Resources | -11 -10 -10 -10 ----------- Run | Yrd Mat Min Sub Matter Collected 723 | 268 118 307 30 Remotely . | . . . . Salvage Created 408 | 42 146 161 59 Parts 27 | 1 10 13 3 Haulers Intercepted 1 | . 1 . . Recyclers Shooed . | . . . . Parts Field Recycled . | . . . . Retrieved Matter . | . . . . Parts Self-Destructed 2 | . . . 2 Prevented . | . . . . Kills | -11 -10 -10 -10 ------- Run | Yrd Mat Min Sub Combat Hostiles Destroyed 16 | 1 5 9 1 Guns 7 | 1 1 4 1 Cannons 1 | . . 1 . AOE 8 | . 4 4 . Classes Destroyed 7 | 1 3 2 1 Worker 1 | . . 1 . Builder 2 | . . 2 . Hauler 1 | . 1 . . Watcher 1 | . 1 . . Swarmer 10 | . 3 7 . Grunt 5 | 1 2 2 . Subdweller 1 | . . . 1 Best Kill Streak 6 | 1 5 6 1 Combat Bots Only 4 | 1 3 4 1 Max Kills in Single Turn 2 | 1 2 2 1 Gunslinging . | . . . . Exploded 2 | . 2 1 . Melee . | . . . . Uniques/NPCs Destroyed . | . . . . Combat | -11 -10 -10 -10 -------- Run | Yrd Mat Min Sub Hostile Shots Fired 130 | 8 16 73 33 Missed 44 | 1 7 25 11 Damage Taken 1288 | 74 143 576 495 Core 263 | 21 42 111 89 Absorbed by Shields . | . . . . Redirected to Shielding 54 | . 8 46 . Regen/Repaired (Parts) 23 | . 23 . . Core Remaining (%) 91 | 91 . . . Volleys Fired 60 | 6 19 26 9 Largest 2 | 2 2 2 2 Hottest 100 | 70 86 86 100 Shots Fired 80 | 12 22 36 10 Gun 60 | 12 17 25 6 Cannon 11 | . 2 5 4 Launcher 9 | . 3 6 . Special . | . . . . Kinetic 49 | 6 17 25 1 Thermal 10 | 6 . . 4 Explosive 9 | . 3 6 . Electromagnetic 12 | . 2 5 5 Robot Hit Streak 13 | 3 4 8 13 Robot Miss Streak 4 | 4 4 1 2 Penetration Max . | . . . . Secondary Targets . | . . . . Shots Hit Robots 49 | 5 12 23 9 Core Hits 30 | 2 9 16 3 Critical Kills . | . . . . Critical Parts Destroyed . | . . . . Critical Strikes 1 | 1 . . . Burn 1 | 1 . . . Melee Attacks . | . . . . Impact . | . . . . Slashing . | . . . . Piercing . | . . . . Sneak Attacks . | . . . . Combat Hostiles . | . . . . Follow-up Attacks . | . . . . Damage Inflicted 1349 | 74 326 747 202 Guns 458 | 74 112 177 95 Cannons 205 | . 20 78 107 Explosions 686 | . 194 492 . Melee . | . . . . Ramming . | . . . . Kinetic 341 | 37 112 177 15 Thermal 202 | 37 58 . 107 Explosive 628 | . 136 492 . Electromagnetic 178 | . 20 78 80 Impact . | . . . . Slashing . | . . . . Piercing . | . . . . Highest Corruption . | . . . . Average Corruption . | . . . . Corruption Purged . | . . . . Corruption Blocked . | . . . . Overload Shots . | . . . . Overflow Damage 75 | . 32 43 . Projectiles . | . . . . Explosions 75 | . 32 43 . Melee . | . . . . Knockbacks . | . . . . Impact . | . . . . Kinetic . | . . . . Secondary . | . . . . Self-Inflicted Damage 99 | . 69 30 . Shots 5 | . 3 2 . Rammed . | . . . . Targets Rammed . | . . . . Kicked . | . . . . Crushed . | . . . . Highest Temperature 96 | 96 57 24 1 Average Temperature 30 | 52 34 11 1 Received Heat Transfer 180 | 42 6 69 63 Siege Activations . | . . . . Robots Corrupted . | . . . . Combat Hostiles . | . . . . Parts Fried . | . . . . Impact Corruptions . | . . . . Robots Melted . | . . . . Combat Hostiles . | . . . . Parts Melted 3 | 3 . . . Heat Transferred 383 | 185 50 . 148 Parts Sabotaged . | . . . . Parts Stolen . | . . . . Parts Stripped . | . . . . Power Chain Reactions 1 | . 1 . . Alert | -11 -10 -10 -10 ------- Run | Yrd Mat Min Sub Peak Influence 226 | 20 145 226 . Initial 31 | . . 31 . Average 16 | 1 70 56 . Maximum Alert Level 1 | . . 1 . Low Security (%) 98 | 100 100 90 . Level 1 1 | . . 9 . Level 2 . | . . . . Level 3 . | . . . . Level 4 . | . . . . Level 5 . | . . . . High Security . | . . . . Max Security . | . . . . Squads Dispatched 1 | . 1 . . Investigation . | . . . . Extermination . | . . . . Reinforcement 1 | . 1 . . Assault . | . . . . Garrison . | . . . . Intercept . | . . . . Searches Triggered . | . . . . Construction Impeded . | . . . . Haulers Reinforced . | . . . . Active Scanning Responses . | . . . . Cargo Convoy Interrupts . | . . . . Stealth | -11 -10 -10 -10 --------- Run | Yrd Mat Min Sub Distress Signals 1 | . 1 . . Communications Jammed . | . . . . Distress Signals . | . . . . Times Spotted 34 | 1 10 13 10 Peak Tracking Total 9 | 1 6 6 9 Tactical Retreats 2 | . 2 . . Traps | -11 -10 -10 -10 ------- Run | Yrd Mat Min Sub Traps Triggered 4 | . 4 . . Indirectly . | . . . . Trap Hack Attempts . | . . . . Triggered . | . . . . Disarmed . | . . . . Reprogrammed . | . . . . Reused . | . . . . Traps Extracted . | . . . . Installed . | . . . . Triggered . | . . . . Most Traps Carried 3 | . . 3 3 Machines | -11 -10 -10 -10 ---------- Run | Yrd Mat Min Sub Machines Disabled . | . . . . Max in Single Turn . | . . . . Machines Repaired . | . . . . Machines Dismantled . | . . . . Machines Sabotaged . | . . . . Overloaded Fab Kills . | . . . . Hacking | -11 -10 -10 -10 --------- Run | Yrd Mat Min Sub Machines Accessed 6 | . 4 2 . Terminals 2 | . 2 . . Fabricators . | . . . . Repair Stations 1 | . 1 . . Recycling Units 1 | . 1 . . Scanalyzers . | . . . . Garrison Access . | . . . . Total Hacks 13 | . 11 2 . Successful 7 | . 5 2 . Failed 6 | . 6 . . Catastrophic 1 | . 1 . . Database Lockouts . | . . . . Manual . | . . . . Terminals 5 | . 5 . . Fabricators . | . . . . Repair Stations 3 | . 3 . . Recycling Units 3 | . 3 . . Scanalyzers . | . . . . Garrison Access . | . . . . Terminal Hacks 4 | . 2 2 . Record 1 | . 1 . . Open Door 2 | . . 2 . Alert Level 1 | . 1 . . Fabricator Hacks . | . . . . Repair Station Hacks 2 | . 2 . . Scan Component 1 | . 1 . . Repair 1 | . 1 . . Recycling Unit Hacks 1 | . 1 . . Retrieve Components 1 | . 1 . . Scanalyzer . | . . . . Garrison Access Hacks . | . . . . Unauthorized Hacks . | . . . . Terminals . | . . . . Fabricators . | . . . . Repair Stations . | . . . . Recycling Units . | . . . . Scanalyzers . | . . . . Garrison Access . | . . . . Data Cores Recovered . | . . . . Used . | . . . . Hacking Detections 4 | . 4 . . Full Trace Events 1 | . 1 . . Feedback Events . | . . . . Feedback Blocked . | . . . . Robot Schematics Acquired . | . . . . Robots Built . | . . . . Authchips . | . . . . Time . | . . . . Total Robot Build Rating . | . . . . Part Schematics Acquired . | . . . . Parts Built . | . . . . Authchips . | . . . . Time . | . . . . Total Part Build Rating . | . . . . Parts Repaired 1 | . 1 . . Time 26 | . 26 . . Parts Recycled . | . . . . Recycled Matter . | . . . . Retrieved Matter . | . . . . Retrieved Components 1 | . 1 . . Parts Scanalyzed . | . . . . Part Schematics Acquired . | . . . . Parts Damaged . | . . . . Bothacking | -11 -10 -10 -10 ------------ Run | Yrd Mat Min Sub Used RIF Installer . | . . . . Robots Hacked . | . . . . Non-combat . | . . . . Combat . | . . . . Robot Hacks Applied . | . . . . Relay Couplers Released . | . . . . Fabnet Peak Effective % . | . . . . Robots Rewired . | . . . . Allies Hacked . | . . . . Hacks Repelled . | . . . . Allies | -11 -10 -10 -10 -------- Run | Yrd Mat Min Sub Total Allies . | . . . . Largest Group . | . . . . Highest-Rated Group . | . . . . Highest-Rated Ally . | . . . . Total Orders . | . . . . Ally Attacks . | . . . . Total Damage . | . . . . Kills . | . . . . Allies Corrupted . | . . . . Allies Melted . | . . . . Intel | -11 -10 -10 -10 ------- Run | Yrd Mat Min Sub Robot Analysis Total . | . . . . Derelict Logs Recovered 1 | . . 1 . Drone Launches . | . . . . Drone Recoveries . | . . . . Exploration | -11 -10 -10 -10 ------------- Run | Yrd Mat Min Sub Turns Passed 7035 | 5161 501 1270 103 Spaces Moved 2661 | 1476 332 799 54 Core 23 | 20 3 . . Treads . | . . . . Legs 2283 | 1456 229 559 39 Wheels 355 | . 100 240 15 Hover . | . . . . Flight . | . . . . Fastest Speed 50 | 50 90 90 110 Average Speed 116 | 119 112 113 127 Slowest Speed 300 | 120 300 190 190 Overloaded Moves . | . . . . Propulsion Burnouts . | . . . . Robots Hopped . | . . . . Cave-ins Triggered 1 | . . 1 . Exploration Rate (%) 54 | 74 39 99 5 Regions Visited 3 Branch Regions 2 Pre-discovered Areas 1 | . . 1 . Known Exits Taken . | . . . . Unknown Exits Taken 3 | 1 1 1 . Scrap Searched 7 | . . 3 4 Spaces Dug . | . . . . Terrain Destroyed 72 | . 29 43 . Melee . | . . . . Projectile . | . . . . AOE 72 | . 29 43 . Terrain Rammed . | . . . . Walls Destroyed . | . . . . Machines Disabled . | . . . . Actions | -11 -10 -10 -10 --------- Run | Yrd Mat Min Sub Total 6515 | 4868 436 1129 82 Wait 3703 | 3372 45 283 3 Move 2658 | 1475 331 798 54 Hop . | . . . . Pick Up 39 | 9 18 10 2 Fast Attach 9 | . 6 1 2 Attach 23 | 5 9 7 2 Detach . | . . . . Swap 3 | . 2 1 . Drop 19 | 1 6 3 9 Fire 60 | 6 19 26 9 Melee . | . . . . Ram . | . . . . Kick . | . . . . Crush . | . . . . Escape Stasis . | . . . . Rewire . | . . . . Trap . | . . . . Miscellaneous 1 | . . . 1 Route ------- -11/Scrapyard -10/Materials -10/Mines (discovered 3 exits: [*Mat x2] / [*Sub]) -10/Subcaves History --------- Turn | Location | Event 2 | -11/Scrapyard | Met Revision 17 68 | -11/Scrapyard | Discovered new exit (range 8) 5162 | -11/Scrapyard | Entered Materials 5163 | -10/Materials | Build established: Mutant 5242 | -10/Materials | Repaired Weapon Shielding 5444 | -10/Materials | Discovered new exit (range 16) 5663 | -10/Materials | Entered Mines 5670 | -10/Mines | Met a Derelict who couldn't figure out how to use a Trap Extractor 5679 | -10/Mines | Met a Derelict bent on vengeance 5743 | -10/Mines | Learned location of Storage (-7) 5793 | -10/Mines | Discovered new exit (range 9) 5836 | -10/Mines | Core integrity fell below 50% 5839 | -10/Mines | Crushed by falling debris 5850 | -10/Mines | Discovered new exit (range 11) 5869 | -10/Mines | Lost 4 parts (1p1n2w) 6082 | -10/Mines | Found the Drone Emporium 6088 | -10/Mines | Found Prototype Device 6124 | -10/Mines | Learned Materials stockpile data 6145 | -10/Mines | Found a hidden stash of uninstalled traps 6233 | -10/Mines | Joined a pair of Derelicts in attacking an 0b10 outpost 6729 | -10/Mines | Discovered new exit (range 6) 6933 | -10/Mines | Entered Subcaves 6999 | -10/Subcaves | Ambushed by swarm of Subdwellers 7001 | -10/Subcaves | Ambushed by Subdwellers from Twisted Machinery 7001 | -10/Subcaves | Ambushed by Subdwellers from Twisted Machinery 7003 | -10/Subcaves | Disturbed a concealed Subdweller 7030 | -10/Subcaves | Core integrity fell below 20% 7036 | -10/Subcaves | Destroyed by 34-X2Y(R) with Subdweller Beam Cannon Last Messages --------------- Acquired 10 matter. HV Slug penetrates IF-EQI(R). HV Slug penetrates Wall. AD-ZH5(R) IFF system glitched. ZX-KEQ(R) destroyed. HV Slug penetrates IF-EQI(R). IF-EQI(R) suffers critical hit (Destroy). IF-EQI(R) destroyed. HV Slug penetrates Wall. Subatomizers dissect the Sub. Laser. LB-RHO(h) destroyed. To regain energy, simply wait via the mouse wheel, '.', or KP5. Also make sure your per-turn energy generation is a net positive, and consider deactivating power-draining parts if not. QK-S6C(R) destroyed. AD-ZH5(R) misfires. AD-ZH5(R) destroyed. S3-XNW(R) destroyed. Map ----- +----------------------------------------------------+ | ?????????????????????????????????????? | | ??????????????????????? ?????## ????? | | ??????????????????????? ????## #? | | ??????????????????????? ???### ##? | | ??????????????????????? ??#### ### | | ??????????????????????? #?### ### | | ?????????????????????# ##?## ## | | ????????????????????### ##?# # | | ???????????????????#### ##?? ### | | ???????????????????### ##?? ### | | ???????????????????## ##?# # | | ??????????????????### #?### # | | ??????????????????### ###### ## | | ??????????????????## ##### #### # | | ??????????????????## ### | | ??????????????????## ### / | | ????????????????##### ! | | ??????????????####### ### | | ??????????????#### ## ### # # | | ??????????????## ### ###### | | ???????????##### #### ###### | | ??????????###### #### ##???? | | ??????????###%## %! #### ##???? | | ??????????##%=R#&< ######???? | | ??????????###%R[&" ## #####???? | | ??????????##]@#%&%* ### ######??????? | | ??????????###%##&"= "## ######??????? | | ??????????######/ ##? #??????????? | | ???????????###### ? ##????????? | | ??????????????#### ##????????? | | ???????????????#### ##????????? | | ????????????????### ###????????? | | ?????????????????# #######????????? | | ?????????????????# ########?????????? | | ?????????????????## ####?????????????? | | ?????????????????#####???????????????? | | ??????????????????####???????????????? | | ?????????????????????????????????????? | | ?????????????????????????????????????? | | ?????????????????????????????????????? | | ?????????????????????????????????????? | | ?????????????????????????????????????? | | ?????????????????????????????????????? | | ?????????????????????????????????????? | | ?????????????????????????????????????? | | ?????????????????????????????????????? | | ?????????????????????????????????????? | | ?????????????????????????????????????? | | ?????????????????????????????????????? | | ?????????????????????????????????????? | +----------------------------------------------------+ Best States ------------- Heat Dissipation 39 Energy Generation 10 Energy Capacity 125 Matter Stores 300 Matter Capacity 300 Sight Range 16 Terrain Scan Density 10 Armor Coverage 800 Weapon Shielding 33 Evasion (%) 55 Item Schematics ----------------- None Robot Schematics ------------------ None Fabricated ------------ Nothing Alien Tech Used ----------------- None Achievements -------------- Let's See Who's Tougher Part-time Mechanic Unlikely Earthworm Challenges ------------ None Game ------ Seed UltimateFusionMagmablaster Manual? 0 Play Time 00:47:35 Cumulative 1.7 hours Start 2024.05.17 @ 18:02:34 End 2024.05.17 @ 18:59:20 Sessions 1 Manual Loads 0 Difficulty Rogue Special Mode None Game No. 2 Rogue 2 Adventurer 0 Explorer 0 Win Type - Total 0 Types 0/0/0/0/0/0/0/0/0 Lore% 0 Gallery% 2 Achievement% 3 Wizard Run 0 Options --------- Layout 1 ASCII 0 Keyboard 0 Movement Mouse Keybinds 0 Fullscreen 1 Font 24/Smallcaps Map View 50x35 Zoom Use 0% Tactical HUD 0 Map Filters NONE Filters NONE Steam 1 RUN: 2621eef9-4cb5-42cb-9399-c3cf86da4a42